[Event "Grand Chess Tour Sinquefield Cup 2021"]
[Site "Chess.com"]
[Date "2021.08.23"]
[Round "6"]
[White "Dominguez Perez, Leinier"]
[Black "Svidler, Peter"]
[Result "1/2-1/2"]
[WhiteElo "2758"]
[BlackElo "2714"]
[ECO "C54"]
[EventDate "2021.??.??"]
[Annotator "yermo"]
[PlyCount "70"]
[Beauty "6391716644362"]
[EventType "team-tourn"]
[TimeControl "5400+30"]

1.e4 e5 2.Nf3 Nc6 3.Bc4 Bc5 4.c3 Nf6 5.d3 d6 6.Bg5 h6 7.Bh4 {This line was recently contested in the match between Aronian and Le Quang Liem, Chessable Masters 2021. No less than five games went this way with the score turning up even.} 7...Qe7 {It's not clear if Black really needs this queen move, but most likely it doesn't hurt.} ( {Le Quang Liem and some other players before him preferred} 7...a6 {right away.} ) 8.O-O a6 9.b4 Ba7 10.Nbd2 g5 11.Bg3 Nh7 12.a4 h5 13.h4 g4 14.Ne1 Nf8 {What we have here is a modern treatment of the Italian game. Should it still be called Giuoco Piano? To me it looks anything but.} 15.Nc2 Ng6 16.Ne3 Be6 {The last preparation before capturing on h4. White has no time to waste.} 17.b5 Nd8 {It wasn't easy to decide between this move} ( {and} 17...Na5 {Svidler must have looked at} 18.bxa6 bxa6 19.Bd5 $5 Rb8 20.d4 {and worried about the offside position of his knight.} ) 18.d4 Nxh4 19.dxe5 dxe5 20.Bxe5 O-O {Black's position looked rather dangerous to me, but Leniier's next brought a big relief to Peter's problems.} 21.Bxe6 $2 ( {I was looking at} 21.Qe1 {to prepare the f-pawn going forward, but Black has} 21...Ng6 22.Bh2 Bxc4 23.Nexc4 Ne6 {in reply.} ) 21...fxe6 {The opening of the f-file fully redeemed Black's seemingly suspicious strategy in the opening. I cannot offer any more explanations to what happened.} 22.Bd4 ( {It almost seemed as if Dominguez was planning} 22.Nxg4 {then saw} 22...Qg5 {and thought better of it.} ) 22...c5 23.bxc6 Nxc6 24.Bxa7 Rxa7 25.Ndc4 Rd8 26.Qb3 $2 {This casual move could have cost Dominguez the game.} ( 26.Qe2 Qg5 27.Rfd1 {would have kept it within reason, although Black is already better.} ) 26...Raa8 ( {Svidler had to be looking at} 26...Nf3+ {and concluded that White escapes after} 27.gxf3 gxf3 28.Rfd1 ) ( {Too bad he didn't think of factoring in his Ra7.} 26...b5 $1 {was a strong idea, that would have given Black a winning attack after} 27.axb5 Nf3+ 28.gxf3 gxf3 29.Rfd1 Qh4 30.Rxd8+ Nxd8 {with that Rg7 move coming up. Such misses are an indication of the poor form.} ) 27.Rfd1 Kh8 28.Rab1 Rxd1+ 29.Qxd1 Rd8 30.Qb3 Ng6 31.Rb2 Rd7 32.Nb6 Rd8 {Svidler decided to call it a day, and Dominguez couldn't have been happier to draw this game.} ( {Still,} 32...Rc7 33.Nbc4 Nf4 {and Black can push forward.} ) 33.Nbc4 Rd7 34.Nb6 Rd8 35.Nbc4 Rd7 1/2-1/2

[Event "Grand Chess Tour Sinquefield Cup 2021"]
[Site "Chess.com"]
[Date "2021.08.24"]
[Round "7"]
[White "Svidler, Peter"]
[Black "Swiercz, Dariusz"]
[Result "1-0"]
[WhiteElo "2714"]
[BlackElo "2655"]
[ECO "C88"]
[EventDate "2021.??.??"]
[Annotator "yermo"]
[PlyCount "69"]
[Beauty "8043018321928"]
[EventType "team-tourn"]
[TimeControl "5400+30"]

1.e4 e5 2.Nf3 Nc6 3.Bb5 a6 4.Ba4 Nf6 5.O-O Be7 6.Re1 b5 7.Bb3 O-O 8.a4 Bb7 9.d3 d6 10.Nbd2 Nd7 {This line has a good reputation.} 11.c3 Nc5 12.axb5 axb5 13.Rxa8 Qxa8 14.Bc2 b4 15.d4 bxc3 16.bxc3 Nd7 17.Nf1 ( 17.Nc4 Qa1 18.Bd2 Qxd1 19.Rxd1 Ra8 20.Rb1 Bc8 {was played in Grandelius-Giri, European teams, 2019. Black is only slightly worse after the queen trade.} ) 17...Qa1 {Same thing, right?} 18.Ne3 {Yeah, but Svidler played a new move, offering a pawn sacrifice, which Swiercz shouldn't have taken.} 18...Qxc3 $2 {I don't have access to the game record, so I cannot tell how much time Dariusz spent on this move. Whatever it was, it proved not to be enough to reject it.} ( 18...Bf6 19.Nd5 exd4 20.Nxf6+ Nxf6 21.cxd4 Nb4 {was the way to go.} ) 19.Nd5 Qa1 ( 19...Qc4 20.Bb3 Qa6 21.Nxc7 Qa5 22.Nd5 Bd8 {was the tough defense Black had to accept.} ) 20.Re3 Qa7 $2 ( {Again, some concessions had to be made:} 20...Qa8 21.dxe5 Bd8 22.exd6 cxd6 ) 21.Ba4 $1 {White's pieces unroll like a coiled spring. There's no defense already.} 21...Bd8 22.Ra3 Qa6 ( {On} 22...Qb8 23.Qc2 {skewers the black knights.} ) 23.Bc2 {There's something light and airy in the way Peter's pieces coordinate. Very stylish.} 23...Na5 ( 23...Qb5 24.Bd3 {traps the queen.} ) 24.Bd2 {This pin is decisive.} 24...c6 ( {Every line works for White like a charm.} 24...c5 25.dxe5 Bxd5 26.exd5 dxe5 27.Qa1 Qc4 28.Qb1 Nb7 29.Bd3 Qxd5 30.Bxh7+ Kh8 31.Be4 {If you ask me how Peter Svidler was able to calculate all this, my answer is, he didn't. It was all intuition, a firm belief that things will work out in the end.} ) 25.Ne3 Qb5 ( 25...c5 26.d5 Bb6 27.Bxa5 Bxa5 28.Bd3 Qb6 29.Nc4 Qc7 30.Rxa5 ) 26.Bxa5 Bxa5 27.Bd3 Qb6 ( 27...Qb4 28.Rb3 Qa4 29.Rxb7 {and the white queen is defended.} ) 28.Nc4 Qb4 29.Rb3 Qa4 {Now there's a simple follow-up.} 30.Nb2 Qa2 31.Rxb7 Nb6 32.Qb1 Qxb1+ 33.Bxb1 exd4 34.Nxd4 Bc3 35.Nxc6 1-0

[Event "Grand Chess Tour Sinquefield Cup 2021"]
[Site "Chess.com"]
[Date "2021.08.25"]
[Round "8"]
[White "Xiong, Jeffery"]
[Black "Mamedyarov, Shakhriyar"]
[Result "1/2-1/2"]
[WhiteElo "2710"]
[BlackElo "2782"]
[ECO "D32"]
[EventDate "2021.??.??"]
[Annotator "yermo"]
[PlyCount "67"]
[Beauty "6463925790217"]
[EventType "team-tourn"]
[TimeControl "5400+30"]

1.c4 e6 2.Nc3 d5 3.d4 a6 $5 {The old Dawid Janowski's move is all the rage 120 years later.} 4.cxd5 exd5 5.Bf4 Nf6 6.e3 c5 $5 {Shakh wanted a more combative pawn structure.} ( 6...Bd6 {is standard here.} ) 7.dxc5 Bxc5 8.Nf3 Nc6 9.Be2 O-O 10.O-O Re8 ( 10...Be6 11.Ne5 $1 {was seen in the online game Nakamura-Le Quang Liem, NIC Classic 2021. After} 11...Bd6 12.Nxc6 bxc6 13.Na4 c5 14.Bxd6 Qxd6 15.Rc1 Rfc8 16.Qd2 {Hikaru eventually managed to prove that the hanging pawns can be weak.} ) 11.Rc1 h6 ( {In case of} 11...d4 {White may consider} 12.Nb5 $5 ) 12.Qc2 ( {The more active} 12.Qb3 {suggested itself.} ) 12...Ba7 13.Rfd1 Be6 {Now the d5-pawn is defended, and Jeffery switches to Nakamura's plan.} 14.Ne5 $1 Rc8 15.Bf3 Qa5 16.Qd3 ( {I'd prefer to clarify the situation:} 16.Nxc6 bxc6 ( 16...Rxc6 17.h3 Rec8 18.Qb1 ) 17.a3 Red8 18.Ne2 c5 19.Be5 ) 16...Ne7 $5 {Shakh avoids any trades, which is a good recipe of how to handle such positions.} 17.h3 Red8 18.Qe2 b5 19.a3 d4 $1 {Time to introduce some tactics.} 20.exd4 Rxd4 $6 ( 20...Bxd4 21.Ne4 Rxc1 22.Rxc1 Nxe4 23.Bxe4 Qb6 {was a clear path to equality. I'm sure it wasn't what Mamedyarov was looking for.} ) 21.Nd3 $1 Rdd8 22.Nb4 $1 {Excellent work by Xiong. Now the black queen is extremely short of squares.} 22...Ng6 {Shakh had already devised a plan of counterplay, involving an exchange sacrifice.} 23.Be3 Rxd1+ 24.Rxd1 Bb8 ( {Insufficient was} 24...Bxe3 25.Qxe3 Re8 26.Qa7 {and Black will soon lose his queenside pawns.} ) 25.Nc6 Rxc6 {Think what you want, but I admire this move.} ( 25...Qc7 26.Nxb8 Rxb8 27.Ne4 Nxe4 28.Bxe4 Rd8 29.Rxd8+ Qxd8 30.Qd2 Qxd2 31.Bxd2 {would leave Black defending a worse endgame, and it's not a fact that he would survive it.} ) 26.Bxc6 Qc7 27.f4 ( {The cool defensive move} 27.Qc2 {escaped Jeffery's attention. The point is that} 27...Nh4 {can be answered with} 28.Nxb5 $1 ( {Xiong must have seen} 28.g3 Bf5 {and didn't find it comfortable.} ) 28...axb5 29.Bf4 Qb6 30.Bxb8 Qxb8 31.Qd3 ) 27...Nxf4 28.Qd2 $6 {The second inaccuracy in a row allows Black to escape with a draw.} ( {According to computers,} 28.Qf3 {would keep the edge, but in a real game situation, low on time and facing a fearsome attacker, I cannot guarantee anything.} ) 28...Nd3 $1 {It took him some time, but Shakh found the right move.} ( 28...Nxh3+ {was analyzed by our commentators, who came to a conclusion that White can beat off the attack:} 29.gxh3 Qg3+ 30.Bg2 Bxh3 31.Qf2 Qh2+ 32.Kf1 ) 29.Qxd3 Qh2+ 30.Kf2 Qg3+ {No stepping on light squares for the white king, on account of Bc4.} 31.Kg1 Qh2+ 32.Kf2 Qg3+ 33.Kg1 Qh2+ 34.Kf2 1/2-1/2

[Event "Grand Chess Tour Sinquefield Cup 2021"]
[Site "Chess.com"]
[Date "2021.08.26"]
[Round "9"]
[White "Rapport, Richard"]
[Black "Caruana, Fabiano"]
[Result "1/2-1/2"]
[WhiteElo "2763"]
[BlackElo "2806"]
[ECO "B44"]
[EventDate "2021.??.??"]
[Annotator "yermo"]
[PlyCount "123"]
[Beauty "5021085263926"]
[EventType "team-tourn"]
[TimeControl "5400+30"]

1.e4 c5 2.Nf3 e6 3.d4 cxd4 4.Nxd4 Nc6 5.Bf4 $5 {This is a rare move, but it goes along with some newly developed ideas that White currently tries in the Sicilian.} 5...d6 6.Nxc6 {That's one of those.} ( 6.Bg3 e5 $1 {leaves the bishop underemployed for many moves to come.} ) 6...bxc6 7.c4 {This is the structure White wants. Black has to decide how to place his central pawns.} 7...Rb8 8.Qc2 e5 $1 {I support Fabiano's decision, but I think he had something even better.} ( 8...c5 $5 9.Nc3 Ne7 $1 10.Rd1 Nc6 {is thematic. We recall seeing something similar in Caruana-Swiercz from round 3, but in that game White was way ahead of schedule with his kingside attack.} ) 9.Be3 Nf6 10.Nc3 Qc7 11.Be2 Be7 12.O-O O-O 13.Rac1 Be6 14.b3 h6 15.h3 a5 16.Rfd1 Rfd8 17.Bf3 {Rapport made his last preparation for the c4-c5 push by bringing enough pieces to deter Black's answer of d6-d5.} 17...Nh7 $1 {Caruana is in time with countermeasures.} 18.Qe2 {A new series of maneuvers.} ( 18.c5 Ng5 $1 19.Bxg5 ( 19.Bg4 d5 ) 19...Bxg5 20.cxd6 Rxd6 21.Rxd6 Qxd6 22.Rd1 Qc5 {is comfortable for the second player.} ) 18...Bg5 19.Rd3 Qe7 20.Rcd1 Rd7 21.Bd2 Bxd2 22.Qxd2 Ng5 23.Be2 Rbd8 24.Qe3 ( 24.h4 $1 Nh7 25.Qe3 {was the right idea. Black wouldn't think of taking on h4 and losing the d6-pawn in return.} ) 24...f5 25.c5 ( {Again,} 25.h4 {was worth a look. I'm not sure Caruana would be ready to burn his bridges with} 25...f4 $5 26.Qb6 Nf7 27.c5 Qxh4 28.cxd6 g5 {as his losses on the queenside would be catastrophic, unless he manages to deliver checkmate.} ) 25...d5 {Now Black is totally fine.} 26.exd5 Bxd5 27.f4 Ne4 28.Nxd5 cxd5 29.c6 $6 {In mutual time trouble Rapport seeks complications.} ( {He had a safe choice in} 29.fxe5 d4 ( 29...Nxc5 30.Rd4 Ne6 31.R4d2 ) 30.Rxd4 $1 Qxc5 31.Rxe4 Rxd1+ 32.Bxd1 Rxd1+ 33.Kh2 {with a draw being the likely outcome.} ) 29...d4 {Now some accuracy is required form White not to end up worse or even losing.} 30.Qc1 Rc7 31.fxe5 Qxe5 32.Qc4+ Kh7 33.Bf3 ( {Richard rejected the obvious} 33.Rxd4 Rxc6 34.Qxc6 Rxd4 35.Rxd4 Qxd4+ 36.Kh2 {Indeed Black's Q+$146 combo is a strong attacking force. However, in this case it may only be good for a draw by perpetual.} ) 33...Ng5 ( 33...Rd6 34.Bxe4 fxe4 35.Rxd4 Rcxc6 36.Qa4 Rg6 {was Caruana's other option. It was next to impossible to tell which way to go, because of the clock situation.} ) 34.h4 Nxf3+ 35.Rxf3 Rd5 36.h5 Qe4 {Fabiano skillfully maintained the pressure, trying to force an error from Richard.} 37.Rdf1 d3 38.Rf4 Qe6 39.Rxf5 $1 {Rapport has no aversion to tactics when he can calculate them.} 39...Qe3+ 40.Kh2 Rd4 41.Re1 $1 {It was all about this move White had to see from afar.} 41...Rxc4 {Caruana burned a lot of time here. It's not that he had any options, most likely it was due to a certain degree of frustration. He was hoping to get more out of the middlegame than this.} ( 41...Qxe1 $2 42.Qxd4 d2 43.Rd5 ) 42.Rxe3 Rd4 43.Rf1 {A sensible move.} ( {There was no need for Rapport to look for a miracle escape the computers find after} 43.Re8 Rxc6 44.g4 $3 Rxg4 45.Rd8 ) 43...d2 {It was funny to see some engines crediting Black with a large advantage. All it did was to raise hopes among Caruana's supporters. In reality, the best Black can get out of this is a harmless extra pawn on the queenside, with his king hopelessly cut off by the active white rook.} 44.Rd1 Rxc6 45.Re2 Rc2 46.a3 Rd5 47.Kg3 Rc3+ 48.Kh4 Rd4+ ( 48...Rxb3 49.Rexd2 Rxd2 50.Rxd2 Rxa3 51.Rd7 {case in point.} ) 49.g4 Rdd3 {Fabi gave it his best effort, but it wasn't meant to be.} 50.Rh2 Rc2 51.b4 a4 52.b5 Rb2 53.Rh3 $1 ( {The four rook ending reached after} 53.b6 Rxb6 54.Rhxd2 Rxa3 {offers Black good winning chances.} 55.Rd4 ) 53...Rd6 54.Rh2 Ra2 55.Rg2 {White simply sits and waits for Black to take on a3.} 55...Kg8 {Caruana didn't even bother with it.} 56.Rh2 Kf7 57.Re2 Rb2 58.Rf1+ Rf6 59.Rd1 Rd6 60.Rf1+ Rf6 61.Rd1 Rd6 62.Rf1+ 1/2-1/2

[Event "Champions Chess Tour Aimchess U.S. Rapi"]
[Site "Online"]
[Date "2021.09.02"]
[Round "4"]
[White "Firouzja, Alireza"]
[Black "Artemiev, Vladislav"]
[Result "1-0"]
[WhiteElo "2696"]
[BlackElo "2757"]
[ECO "C66"]
[EventDate "2021.??.??"]
[Annotator "yermo"]
[PlyCount "79"]
[Beauty "7699131548180"]
[EventType "rapid"]
[TimeControl "900+10"]

{At least, Alireza had White.} 
1.e4 e5 2.Nf3 Nc6 3.Bb5 Nf6 4.d3 $1 {First order of business is to make sure that the Berlin is out of the equation.} 4...d6 {Vladislav Artemiev is an original player, who likes to travel on less explored roads. As White he often delves into a b3-g3 kind of stuff, and as Black he doesn't mind conceding space in hope to keep the game complicated. Even in this game, only needing a draw to capture the first set, Artemiev chose a King's Indian-like setup.} 5.O-O Bd7 6.Re1 g6 7.Bxc6 $5 {Rather unusual.} ( {Most players split their sympathies between} 7.d4 Bg7 8.d5 Ne7 9.Bxd7+ Nxd7 10.Be3 O-O 11.c4 h6 12.Nfd2 f5 13.f3 {Caruana-Finegold, Pro League 2017} ) ( {and} 7.c3 Bg7 8.Nbd2 O-O 9.Ba4 Nh5 10.Nf1 Kh8 11.h3 f5 12.exf5 gxf5 13.d4 {Caruana-Kramnik, GCT Paris Blitz 2016. As you can see, Fabiano has been successful in both.} ) 7...Bxc6 8.c4 {The point of the trade on the previous move. Black no longer has the knight that could jump to d4, so White can take his time preparing to push the d-pawn forward. Such ideas for White in the Steinitz Variation of the Ruy Lopez were first introduced in the beginning of the 20th century by the Czech GM Oldrich Duras.} 8...Bg7 9.Nc3 O-O 10.d4 Re8 11.dxe5 $5 {Firouzja shows good understanding of the position.} ( {The seemingly natural push} 11.d5 {would lead to a typical King's Indian structure where White would surely be missing his light squared bishop, useful in both deterring Balck's counterplay with f7-f5, and White's own play on the queenside after the eventual c4-c5. Today's understanding of closed positions offers a different opinion on "bad" bishops.} ) 11...dxe5 12.Qc2 {Instead, White is intending to put his knight to d5, hoping to induce a trade, which would enable him to obtain strong play against the backward c7-pawn.} 12...Bd7 $1 {Artemiev alertly took radical measures against this plan.} 13.Be3 ( 13.h3 c6 14.Be3 Qc7 {would eventually lead to the same thing. Once Black protects his e5-pawn, he is ready for the Be6, Nd7 regrouping.} ) 13...Bg4 14.Nd2 c6 15.c5 ( {The bishop hunt} 15.h3 Be6 16.Na4 b6 17.Nf3 Qc7 18.Ng5 Bc8 {would not produce any tangible results.} ) 15...Be6 16.h3 Qc7 17.a3 Rad8 18.Rad1 Nd7 19.Qa4 Bf8 20.b4 a5 {I don't particularly like this move, because it offers White access to the b6-square.} ( {Alternatively,} 20...b6 21.cxb6 axb6 22.Qc2 Ra8 23.Rb1 Rec8 24.a4 c5 25.b5 c4 {was another plan of counterplay.} ) 21.Nf3 f6 22.Qc2 axb4 23.axb4 b6 $1 ( {In case of} 23...b5 {White can continue with} 24.Qc1 Ra8 25.Bh6 {intending to trade off the sole defender of the d6-square.} ) 24.Na4 bxc5 25.bxc5 {It is easy to criticize Alireza's decision based on the poor position of Na4 until we remember he had to win this game at any cost.} ( {What else did you expect him to do, trade pieces after} 25.Nxc5 Nxc5 26.Bxc5 Bxc5 27.Qxc5 {What chances would he have then? The weaknesses on c6 and b4 would likely cancel each other out, and if these pawns get traded there would be nothing left to play for.} ) 25...Rb8 26.Rd3 {The die is cast. Firouzja is about to burn his bridges before crossing them.} ( {Backtracking with} 26.Rb1 Rb5 27.Nd2 Reb8 {was the last thing on his mind.} ) 26...Rb4 27.Red1 Qa5 28.Nb6 $5 {The mark "!?" is not only applied to this particular move, but rather to the entire concept.} 28...Nxc5 29.Rd8 {The moment of truth.} 29...Rxd8 $4 {Vladislav's skills in rapid and blitz have gained him a lot of respect due to his good run in the Champions Chess Tour. He's a monster in long technical endgames, even when he only has seconds left. However, his time management is a bit cavalier, which may cost him in tactically charged positions here and there. The rook trade here is an example of such mistakes.} ( {I wasn't able to watch the game live, so I don't know exactly how bad Artemiev's clock situation was, but I'll hazard a guess he was real short. Otherwise, Vladislav would have made his choice among two acceptable alternatives. First, there was the tactical shot} 29...Bb3 {inviting White to trade his queen for two rooks:} 30.Rxe8 ( 30.Qc1 Bf7 31.Rxe8 Bxe8 32.Rd8 Qxb6 33.Rxe8 Rb1 {is the point of forcing the white queen back.} ) 30...Bxc2 31.Rdd8 {and now Black defends with} 31...Kg7 32.Rxf8 Ne6 {forcing the liquidation after} 33.Ra8 Rxb6 34.Rxa5 Rb1+ 35.Kh2 Kxf8 {It's moot to debate whether or not Black can win this endgame, because all Artemiev needed was a draw.} ) ( {Secondly, even better was the calm} 29...Kf7 $1 {preventing White's infiltration to the eighth rank and leaving Nb6 trapped. Again, there's no sense in analyzing} 30.Rxe8 Kxe8 31.Rc1 Qxb6 32.Bxc5 Qxc5 33.Qxc5 Bxc5 34.Rxc5 Kd7 {any deeper.} ) 30.Rxd8 {Fortune favors the brave. Suddenly Firouzja is winning.} 30...Nb7 31.Ra8 Qxb6 ( 31...Qb5 {saves the queen , but not the game after} 32.Bh6 ) 32.Bxb6 Rxb6 33.Nd2 Kg7 34.Nc4 Rb4 35.Ne3 Rb6 36.Nd5 $1 {Alireza wraps it up quickly and efficiently.} 36...Bxd5 37.exd5 c5 38.Qa4 Nd6 39.Qd7+ Nf7 40.Ra7 {Both semifinal matches go into the second set tied.} 1-0